 Dungeon Crawl Stone Soup version 0.31-a0-521-gc7390f8997 (webtiles) character file.

Game seed: 2500081032232443440

1612306 motkurizz the Acrobat (level 24, 141/141 HPs)
             Began as a Felid Ice Elementalist on Aug 10, 2023.
             Was the Champion of Vehumet.
             Escaped with the Orb
             ... and 3 runes on Aug 11, 2023!
             The game lasted 05:08:41 (69519 turns).

motkurizz the Acrobat (Felid Ice Elementalist)     Turns: 69519, Time: 05:08:42

Health: 141/141    AC: 27    Str:  3    XL:     24   Next: 81%
Magic:  39/39      EV: 41    Int: 30    God:    Vehumet [******]
Gold:   4421       SH:  0    Dex: 21    Spells: 9/45 levels left
                                        Lives:  2   Deaths: 1

rFire   + .          .
                       - Unarmed
rCold   . . .        (shield unavailable)
rNeg    + . .        (body armour unavailable)
rPois   ∞            (helmet unavailable)
rElec   +            (cloak unavailable)
rCorr   .            (gloves unavailable)
SInv    +            (boots unavailable)
Will    +++++        O - amulet of Vitality {RegenMP++ Regen++}
Stlth   ++           B - ring of protection from fire
HPRegen 2.03/turn    I - ring of Hontur {rPois rC+ Will+ Dex+6}
MPRegen 1.06/turn

%: random rage (3%)
@: statue-form, very slow
A: slow and powerful, torment resistance 1, boosted hp, very small, claws 1,
fangs 3, see invisible, (speed 1), (shaggy fur 3), stealthy paws, no weapons or
thrown items, no armour, multi-lived, berserk 1, clever 1, clumsy 1, frail 1,
strong-willed 1, electricity resistance, no potion heal 1, cold vulnerability 1,
MP-powered wands
0: Orb of Zot
}: 3/15 runes: decaying, silver, gossamer
a: Begin Untransformation, Renounce Religion


You escaped.
You worshipped Vehumet.
Vehumet was exalted by your worship.
You were a living statue of rough stone.
You visited 10 branches of the dungeon, and saw 48 of its levels.
You also visited: Trove, Ossuary and Gauntlet.

You collected 8415 gold pieces.
You spent 3994 gold pieces at shops.

Inventory:

Jewellery
 h - an amulet of faith
 r - the necklace of Bloodlust {Fury *Rage Will++ Int-3 Slay+6}
   (You took it off a yaktaur captain on level 5 of the Vaults)

   [amulet of nothing]

   Fury:      It extends the wearer's berserk rage when killing foes.
   Int-3:     It affects your intelligence (-3).
   Slay+6:    It affects your accuracy & damage with ranged weapons and melee
   (+6).
   Will++:    It greatly increases your willpower.
   *Rage:     It berserks you when you make melee attacks (+50% chance).
 y - a ring of protection from cold
 B - a ring of protection from fire (left paw)
 C - a +4 ring of protection
 G - the ring of Higol {rElec rF- AC+4 Dex+2}
   (You found it in a treasure trove)

   [ring of protection]

   AC+4:      It affects your AC (+4).
   Dex+2:     It affects your dexterity (+2).
   rF-:       It makes you vulnerable to fire.
   rElec:     It insulates you from electricity.
 I - the ring of Hontur (right paw) {rPois rC+ Will+ Dex+6}
   (You acquired it on level 1 of the Elven Halls)

   [ring of dexterity]

   Dex+6:     It affects your dexterity (+6).
   rC+:       It protects you from cold.
   rPois:     It protects you from poison Will+: It increases your willpower.
 O - the amulet of Vitality (around neck) {RegenMP++ Regen++}
   (You took it off a tengu reaver on level 3 of the Depths)

   [amulet of magic regeneration]

   RegenMP:   It increases your rate of magic regeneration.
   Regen++:   It increases your rate of health regeneration.
 Q - a ring of protection from cold
 U - a ring of resist corrosion
 W - a +6 ring of strength
 X - the ring "Opucrouff" {Int+2 Dex+6}
   (You found it in a treasure trove)

   [ring of dexterity]

   Int+2:     It affects your intelligence (+2).
   Dex+6:     It affects your dexterity (+6).
Talismans
 o - a storm talisman
 R - a granite talisman (active)
Wands
 b - a wand of polymorph (2)
 k - a wand of paralysis (55)
 D - a wand of digging (15)
 H - a wand of flame (102) (quivered)
 J - a wand of roots (45)
 M - a wand of acid (17)
 P - a wand of mindburst (18)
Scrolls
 e - 5 scrolls of fog
 f - 5 scrolls of poison
 i - 4 scrolls of amnesia
 l - a scroll of teleportation
 m - 3 scrolls of silence
 p - 10 scrolls of noise
 E - 7 scrolls of immolation
 L - 2 scrolls of blinking
 N - 2 scrolls of butterflies
 S - 20 scrolls of identify
 V - 4 scrolls of fear
Potions
 a - 4 potions of magic
 c - 6 potions of invisibility
 d - 18 potions of curing
 g - 13 potions of brilliance
 n - 12 potions of ambrosia
 s - 4 potions of resistance
 t - 14 potions of attraction
 u - a potion of enlightenment
 v - 2 potions of heal wounds
 w - 9 potions of lignification
 x - 2 potions of haste
 z - 3 potions of berserk rage
 A - 8 potions of cancellation
 F - 7 potions of might
Miscellaneous
 q - a lightning rod (4/4)
 T - a phial of floods
 Y - a phantom mirror
 Z - a tin of tremorstones (2/2)


   Skills:
 - Level 20.0 Fighting
 - Level 25.0 Dodging
 - Level 10.0 Stealth
 - Level 20.6 Unarmed Combat
 - Level 11.0 Spellcasting
 - Level 4.2 Conjurations
 - Level 3.0 Hexes
 - Level 1.1 Summonings
 - Level 2.0 Fire Magic
 + Level 24.2 Ice Magic
 - Level 3.0 Air Magic
 - Level 2.0 Poison Magic
 - Level 8.0 Evocations
 - Level 15.0 Shapeshifting


You had 9 spell levels left.
You knew the following spells:

 Your Spells              Type           Power      Damage    Failure   Level
a - Polar Vortex          Ice            52%        12d6*     4%          9
b - Metabolic Englaciati  Hex/Ice        39%        N/A       1%          5
c - Ozocubu's Refrigerat  Ice            52%        4d19      1%          7
d - Olgreb's Toxic Radia  Pois           28%        N/A       4%          4
g - Freezing Cloud        Conj/Ice/Air   34%        6-21      1%          5
m - Mephitic Cloud        Conj/Pois/Air  35%        N/A       1%          3
v - Vhi's Electric Charg  Tloc/Air       50%        N/A       4%          3

Your spell library contained the following spells:

 Spells                   Type           Power      Damage    Failure   Level
 Fire Storm               Conj/Fire      17%        8d5       100%        9
 Freeze                   Ice            100%       1d10      0%          1
 Frozen Ramparts          Ice            100%       1d16      0%          3
 Ozocubu's Armour         Ice            100%       N/A       0%          3
 Foxfire                  Conj/Fire      100%       2x1d9     1%          1
 Magic Dart               Conj           100%       1d8       1%          1
 Shock                    Conj/Air       100%       1d9       1%          1
 Sting                    Tmut/Pois      88%        1d7       1%          1
 Summon Small Mammal      Summ           92%        N/A       1%          1
 Momentum Strike          Conj/Tloc      58%        3d9       1%          2
 Poisonous Vapours        Pois/Air       62%        N/A       1%          2
 Searing Ray              Conj           84%        2d7       1%          2
 Dazzling Flash           Conj/Hex       76%        N/A       1%          3
 Hailstorm                Conj/Ice       80%        3d16      1%          3
 Ignite Poison            Fire/Tmut/Pois 24%        N/A       1%          3
 Inner Flame              Hex/Fire       31%        N/A       1%          3
 Stone Arrow              Conj/Erth      58%        3d10      1%          3
 Volatile Blastmotes      Fire/Tloc      44%        2d13      1%          3
 Fulminant Prism          Conj/Hex       19%        3d10      1%          4
 Summon Ice Beast         Ice/Summ       75%        N/A       1%          4
 Cigotuvi's Dreadful Rot  Necr/Pois/Air  52%        N/A       2%          2
 Swiftness                Air            34%        N/A       2%          3
 Airstrike                Air            17%        2d(3-19)  2%          4
 Apportation              Tloc           32%        N/A       3%          1
 Necrotise                Necr           64%        1d7       3%          1
 Simulacrum               Ice/Necr       36%        N/A       3%          6
 Summon Guardian Golem    Hex/Summ       28%        N/A       4%          3
 Iskenderun's Battlesphe  Conj           42%        2d9       4%          5
 Arcjolt                  Conj/Air       19%        1d29      5%          5
 Call Canine Familiar     Summ           23%        N/A       6%          3
 Fireball                 Conj/Fire      17%        3d9       7%          5
 Gell's Gravitas          Tloc           16%        N/A       10%         3
 Teleport Other           Tloc           16%        N/A       10%         3
 Yara's Violent Unravell  Hex/Tmut       12%        3d7       13%         5
 Leda's Liquefaction      Hex/Erth       12%        N/A       17%         4
 Lee's Rapid Deconstruct  Erth           8%         3d7*      22%         5
 Manifold Assault         Tloc           16%        N/A       30%         4
 Passage of Golubria      Tloc           16%        N/A       30%         4
 Starburst                Conj/Fire      17%        6d6       32%         6
 Summon Mana Viper        Hex/Summ       28%        N/A       36%         5
 Plasma Beam              Fire/Air       15%        2x1d27    38%         6
 Leda's Unmaking          Conj/Erth      14%        9d3       45%         6
 Alistair's Intoxication  Tmut/Pois      14%        N/A       50%         5
 Summon Forest            Summ/Tloc      9%         N/A       56%         5
 Orb of Destruction       Conj           21%        9d8       71%         7
 Spellforged Servitor     Conj/Summ      16%        N/A       88%         7
 Summon Cactus Giant      Summ           11%        N/A       97%         6
 Dispersal                Tloc           8%         N/A       99%         6
 Discord                  Hex            17%        N/A       100%        8
 Disjunction              Tloc           8%         N/A       100%        8
 Ignition                 Fire           14%        3d6       100%        8
 Lehudib's Crystal Spear  Conj/Erth      14%        10d5      100%        8
 Maxwell's Capacitive Co  Air            17%        ∞         100%        8
 Sublimation of Blood     Necr           Unusable   N/A       N/A         2
 Animate Armour           Summ/Erth      Unusable   N/A       N/A         4

Dungeon Overview and Level Annotations

Branches:
Dungeon (15/15)            Temple (1/1) D:5            Lair (5/5) D:9
  Swamp (4/4) Lair:2       Spider (4/4) Lair:2        Slime (0/5) Lair:5
    Orc (2/2) D:12            Elf (3/3) Orc:2        Vaults (5/5) D:13
  Crypt (0/3) Vaults:2     Depths (4/4) D:15            Zot (5/5) Depths:4
Ossuary (visited)         Gauntlet (visited)

Altars:
Ashenzari
Cheibriados
Dithmenos
Elyvilon
Fedhas
Gozag
Hepliaklqana
Kikubaaqudgha
Makhleb
Nemelex Xobeh
Okawaru
Qazlal
Ru
Sif Muna
Trog
Uskayaw
Vehumet
Wu Jian
Xom
Yredelemnul
Zin
The Shining One

Shops:
D:2 (   D:9 *   D:11 ?   D:12 [   D:14 [   Orc:1 :   Orc:2 ((*=*:?   Elf:3 ?
Vaults:1 *   Vaults:4 :   Vaults:5 (   Depths:1 :   Depths:2 !

Portals:
Hell: Depths:1 Depths:2 Depths:3 Depths:4
Abyss: Depths:1 Depths:3
Pandemonium: Orc:2 Depths:1 Depths:2 Depths:3 Depths:4
Ziggurat: Depths:3

Annotations:
D:11 exclusions: downstairs, gargoyle and vampire
Spider:3 exclusion: downstairs
Elf:2 3 runed translucent doors
Depths:3 Parghit
Depths:4 exclusion: upstairs
Zot:5 exclusion: orange crystal statue


Innate Abilities, Weirdness & Mutations

You are a living statue of rough stone.
Your actions are slow, but your melee attacks are powerful.
You are resistant to unholy torment.
Your maximum health is greatly increased.
You are immune to poison.
You have sharp claws.
You have razor-sharp teeth.
You have supernaturally acute eyesight. (SInv)
((You cover ground quickly. (Speed+)))
((Your thick and shaggy fur keeps you warm. (AC +3, rC+)))
Your paws help you pounce on unaware monsters.
You are incapable of wielding weapons or throwing items.
You cannot wear armour.
You gain extra lives every three experience levels.
You sometimes lose your temper in combat.
Your mind is acute. (Int +4, Str/Dex -1)
You are clumsy. (Dex -2)
You are frail. (-10% HP)
You are strong-willed. (Will+)
You are resistant to electric shocks. (rElec)
Potions are less effective at restoring your health.
You are vulnerable to cold. (rC-)
You expend magic power (3 MP) to strengthen your wands.


Message History

There is a stone staircase leading up here.
You climb upwards.
There is a stone staircase leading down here.
A worm is nearby!
The worm completely misses you.
A red film seems to cover your vision as you go berserk!
You feel yourself moving faster!
You feel mighty!
You eviscerate the worm!!!
You kill the worm!
Vehumet accepts your kill.
A sun demon comes into view.
You feel a strong urge to attack something.
The sun demon shouts!
What level of the Dungeon? (default 1, ? - help)
A sun demon is nearby!
You feel your anger nearly subside.
You are no longer berserk.
You are exhausted.
You feel yourself slow down.
There is a stone staircase leading down here.
HP restored.
The sun demon completely misses you. x2
The sun demon misses you.
You climb downwards.
There is a stone staircase leading up here.
You eviscerate the sun demon!!!
You kill the sun demon!
Vehumet accepts your kill.
You start waiting.
You feel yourself speed up.
You climb upwards.
There is a stone staircase leading down here.
What level of the Dungeon? (default 1, ? - help)
There is a stone staircase leading up here.
You climb upwards.
There is a stone staircase leading down here.
Okay, then.
Unknown command.
You recover from your berserk rage.
There is an open door here.
There is a staircase leading out of the dungeon here.
You have escaped!

#..........#.#..##########...
#########..#.#.....### ##...
#..#.#...#...# #....
#..#.#####.#.# #....
#..#.....#.#.# #....
##..#####...#.####....
#####...#.# #...+.........
#.....###.###...###....#..
#.###.'..8..'.............
#.#######.#######.######.#
#.#.............#..# #...
#.####.#####.#####.## #...
#.####.#####.## #..# #...
#..##.........# ##.# #...
##.######.#########.# #...
#.+...........'.#..# ####
########.######...##


There were no monsters in sight!

Vanquished Creatures
  5 dread liches
  8 orbs of fire
  Mara (Vaults:5)
  2 ancient liches (Zot:5)
  2 juggernauts
  5 Killer Klowns
  Xtahua (Vaults:5)
  9 golden dragons
  A profane servitor (D:7)
  A bone dragon (Depths:4)
  4 electric golems
  A golden dragon (shapeshifter) (Vaults:5)
  Arachne (Spider:4)
  2 Tzitzimimeh
  Jory (Depths:3)
  20 tentacled monstrosities
  Rupert (D:12)
  Jorgrun (Orc:1)
  30 Orb Guardians
  2 deep elf master archers (Elf:3)
  A walking earthen tome (Depths:3)
  Mlioglotl (Spider:4)
  3 titans (Vaults:5)
  2 deep elf blademasters (Elf:3)
  3 liches
  10 sphinxes
  10 quicksilver dragons
  10 death cobs
  16 shadow dragons
  10 tengu reavers
  A thorn hunter (Lair:2)
  10 draconian monks
  20 storm dragons
  Aizul (Spider:2)
  A daeva (Zot:4)
  9 frost giants
  12 fire giants
  4 iron dragons
  6 draconian scorchers
  5 deep elf sorcerers
  7 emperor scorpions
  2 balrugs
  4 deep elf elementalists (Elf:3)
  5 draconian knights
  Louise (Spider:4)
  4 draconian shifters
  A draconian stormcaller (Zot:4)
  15 vault wardens
  5 ghost moths
  3 broodmothers
  An angel (Zot:3)
  13 ironbound preservers
  4 draconian annihilators
  A spriggan defender (Depths:3)
  6 war gargoyles
  3 orc warlords
  A caustic shrike skeleton (Depths:3)
  2 formless jellyfish
  A cacodemon (Zot:2)
  10 ironbound thunderhulks
  2 vampire knights
  10 stone giants
  24 very ugly things
  6 green draconians
  3 deep elf demonologists (Elf:3)
  An eleionoma (Swamp:1)
  2 minotaurs (shapeshifter)
  4 dire elephants (Vaults:3)
  4 bunyips
  4 deep elf annihilators (Elf:3)
  12 white draconians
  8 yellow draconians
  6 purple draconians
  8 black draconians
  A minotaur (Gauntlet)
  6 red draconians
  5 spark wasps
  10 ettins
  2 merfolk javelineers (D:15)
  7 fire dragons
  17 yaktaur captains
  9 deep elf death magi
  4 deep elf high priests
  Snorg (Orc:1)
  3 crystal guardians
  8 great orbs of eyes
  A rakshasa (Depths:3)
  A merfolk impaler (D:15)
  5 entropy weavers
  The ghost of TobyConnect the Fighter, a journeyman DsSh of Qazlal (D:15)
  27 vault guards
  26 hydras
  6 ice dragons
  An ogre mage (D:15)
  10 two-headed ogres
  A catoblepas (Lair:4)
  17 centaur warriors
  A death knight (D:15)
  4 radroaches
  A demonspawn (Orc:2)
  2 peacekeepers (Vaults:3)
  12 ironbound frosthearts
  2 boulder beetles
  6 alligators
  2 spriggan air magi
  29 dancing weapons
  7 tengu warriors
  11 deep troll shamans
  5 deep troll earth magi
  2 vampire magi
  10 demonic crawlers
  3 hell hogs (D:8)
  2 spriggan berserkers
  8 orc high priests
  Sonja (Lair:4)
  A hell knight (Vaults:5)
  A fire crab (shapeshifter) (Elf:2)
  3 iron trolls
  10 deep elf knights
  5 sun demons
  2 skysharks (Lair:5)
  A soul eater (Depths:1)
  2 sixfirhies
  4 cherubim
  A sea snake (shapeshifter) (Elf:3)
  3 sun moths (Spider:4)
  4 spriggan druids
  A skeletal warrior (D:14)
  3 pharaoh ants
  2 goliath frogs (Swamp:2)
  40 deep trolls
  A shadow demon (Depths:1)
  A death drake (shapeshifter) (D:14)
  3 glowing orange brains
  14 swamp dragons
  10 deep elf archers
  13 orb spiders
  A lindwurm (shapeshifter) (D:14)
  7 flayed ghosts
  A glowing orange brain (shapeshifter) (D:15)
  7 harpies
  10 wizards
  20 ironbound convokers
  4 necromancers
  9 lindwurms
  7 phantasmal warriors
  8 steelbarb worms
  3 bog bodies
  A steelbarb worm (shapeshifter) (Vaults:3)
  23 wolf spiders
  39 ugly things
  8 orc sorcerers
  18 deep elf pyromancers
  3 will-o-the-wisps
  6 manticores
  2 shining eyes (shapeshifter)
  2 tengu zombies (Vaults:2)
  7 orc knights
  A faun (shapeshifter) (Vaults:5)
  7 cyclopes
  24 deep elf zephyrmancers
  11 elephants
  10 apocalypse crabs
  Joseph (D:9)
  27 moths of wrath
  2 toenail golems
  5 rust devils
  4 smoke demons
  8 black mambas
  A frost giant skeleton (Vaults:2)
  A titan simulacrum (Depths:3)
  16 vault sentinels
  4 torpor snails
  2 moths of wrath (shapeshifter)
  A minotaur zombie (Gauntlet)
  3 orange demons
  A guardian serpent (Lair:5)
  16 cane toads
  Maggie (D:6)
  A hellion (D:10)
  2 rime drakes
  31 yaktaurs
  5 komodo dragons
  4 ice devils
  A golden dragon simulacrum (Depths:3)
  6 freezing wraiths
  A tengu conjurer (Depths:1)
  10 meliai
  5 trolls
  3 red devils
  A hornet (shapeshifter) (D:14)
  8 tyrant leeches
  Grinder (D:3)
  8 hellwings
  A polar bear (shapeshifter) (D:13)
  A queen bee (D:15)
  2 polar bears
  19 tarantellas
  A sphinx simulacrum (Depths:3)
  15 blink frogs
  10 hornets
  A dream sheep (shapeshifter) (Vaults:5)
  17 jumping spiders
  A jumping spider (shapeshifter) (D:13)
  A slime creature (shapeshifter) (Vaults:5)
  11 spriggans
  7 culicivoras
  An air elemental (Elf:1)
  2 shadows (D:11)
  37 yaks
  4 wraiths
  17 slime creatures
  14 water elementals
  The ghost of Shym the Sneak, an amateur NaWr (D:4)
  10 wyverns
  A steam dragon (shapeshifter) (Vaults:5)
  A basilisk (shapeshifter) (Depths:2)
  3 basilisks
  4 fire elementals
  2 chaos spawn (Depths:1)
  6 golden eyes (Zot:2)
  4 vampire mosquitoes (Swamp:2)
  41 redbacks
  4 steam dragons
  4 wargs
  8 swamp worms
  24 water moccasins
  An acid dragon (D:12)
  A hell hound (Elf:2)
  39 orc warriors
  An ice beast (D:6)
  9 swamp drakes
  A black bear (Lair:2)
  2 ogres
  A boggart (Vaults:1)
  29 wolves
  5 centaurs
  A phantom (D:7)
  An elf zombie (D:5)
  13 bullfrogs
  2 kobold brigands (D:9)
  5 elf skeletons
  3 gnoll sergeants
  A scorpion (D:6)
  An ogre simulacrum (Vaults:2)
  2 water moccasin zombies (D:4)
  7 wights
  33 killer bees
  4 howler monkeys
  4 electric eels
  34 orc priests
  4 hounds
  3 jellies
  Crazy Yiuf (D:3)
  24 orc wizards
  2 human skeletons (D:5)
  A scorpion zombie (D:4)
  A sleepcap (D:7)
  4 iguanas
  8 mummies (Ossuary)
  Robin (D:3)
  6 adders
  19 gnolls
  A shadow imp (D:4)
  A white imp (D:7)
  An ufetubus (D:7)
  An adder zombie (D:4)
  4 worms
  A dart slug (D:3)
  121 orcs
  10 ball pythons
  10 endoplasms
  3 giant cockroaches
  19 goblins
  6 hobgoblins
  14 kobolds
  5 quokkas
  7 bats
  3 frilled lizards
  2 gnoll zombies (Ossuary)
  A hobgoblin zombie (Ossuary)
  4 kobold zombies (Ossuary)
  4 orc skeletons (D:5)
  An orc zombie (Ossuary)
  A quokka zombie (D:4)
  3 rats
2009 creatures vanquished.

Vanquished Creatures (collateral kills)
  the Lernaean hydra (Swamp:4)
  A tengu reaver (Depths:1)
2 creatures vanquished.

Vanquished Creatures (others)
  A deep elf knight (Elf:1)
  A pharaoh ant (Spider:2)
  2 deep elf zephyrmancers
  A bloated husk (Swamp:3)
  An ogre (D:5)
  3 orcs (D:5)
  22 foxfires
31 creatures vanquished.

Grand Total: 2042 creatures vanquished

Notes
Turn   | Place    | Note
-------+----------+-------------------------------------------
     0 | D:1      | motkurizz the Felid Ice Elementalist began the quest for
                  | the Orb.
     0 | D:1      | Reached XP level 1. HP: 7/7 MP: 4/4
    42 | D:1      | Found a faded altar of an unknown god.
   225 | D:1      | Reached skill level 3 in Dodging
   328 | D:1      | Reached XP level 2. HP: 11/11 MP: 6/6
  1004 | D:2      | Found Vemen's Antique Weapon Shop.
  1228 | D:2      | Reached XP level 3. HP: 14/14 MP: 0/7
  1328 | D:1      | Learned a level 3 spell: Frozen Ramparts
  1529 | D:2      | Reached skill level 5 in Ice Magic
  1529 | D:2      | Reached XP level 4. HP: 18/18 MP: 2/8
  1695 | D:2      | Learned a level 3 spell: Ozocubu's Armour
  2187 | D:3      | Reached XP level 5. HP: 21/21 MP: 2/9
  2387 | D:3      | Found an ornate altar of the Wu Jian Council.
  2726 | D:3      | Noticed Grinder
  2760 | D:3      | Noticed Robin
  2766 | D:3      | Killed Robin
  2845 | D:3      | Reached skill level 1 in Fighting
  2940 | D:3      | Found a sparkling altar of Nemelex Xobeh.
  3017 | D:3      | Found a shimmering altar of Xom.
  3414 | D:3      | Found a runed translucent door.
  3415 | D:3      | Noticed Crazy Yiuf
  3765 | D:4      | Found a transporter.
  3768 | D:4      | Identified the +2 buckler "Poahemeb" {Slay+2}
  3839 | D:4      | Found a transporter.
  3858 | D:4      | Noticed Shym's ghost (amateur NaWr)
  4118 | D:4      | Gained mutation: You are covered in thick fur. (AC +2)
                  | [Felid growth]
  4118 | D:4      | Reached XP level 6. HP: 26/26 MP: 1/11
  4548 | D:4      | Found a basalt altar of Yredelemnul.
  4558 | D:4      | Found an opulent altar of Gozag.
  4857 | D:4      | Found a glowing silver altar of Zin.
  5032 | D:5      | Entered Level 5 of the Dungeon
  5130 | D:5      | Found a sand-covered staircase.
  5167 | D:5      | Reached skill level 1 in Unarmed Combat
  5167 | D:5      | Reached XP level 7. HP: 23/32 MP: 2/12
  5313 | Ossuary  | Entered an ossuary
  6118 | D:5      | Reached skill level 4 in Dodging
  6190 | D:5      | Reached skill level 1 in Poison Magic
  6521 | D:5      | Reached skill level 5 in Dodging
  6661 | D:5      | Found a sacrificial altar of Ru.
  6762 | D:6      | Found a stormy altar of Qazlal.
  6786 | D:5      | Reached XP level 8. HP: 36/36 MP: 6/13
  6958 | D:5      | Found a staircase to the Ecumenical Temple.
  6967 | Temple   | Entered the Ecumenical Temple
  7045 | Temple   | Became a worshipper of Vehumet
  7411 | D:5      | Found a burning altar of Makhleb.
  7589 | D:6      | Found an ancient bone altar of Kikubaaqudgha.
  7943 | D:6      | Reached skill level 6 in Dodging
  8582 | D:7      | Reached skill level 5 in Fighting
  8582 | D:7      | Reached skill level 5 in Unarmed Combat
  8933 | D:6      | Found a blossoming altar of Fedhas.
  8985 | D:6      | Noticed Maggie
  9002 | D:6      | Killed Maggie
  9003 | D:6      | Reached skill level 7 in Dodging
  9003 | D:6      | Reached XP level 9. HP: 19/41 MP: 1/14
  9167 | D:6      | Reached * piety under Vehumet
  9167 | D:6      | Offered knowledge of Foxfire by Vehumet.
  9168 | D:6      | Reached skill level 1 in Summonings
  9170 | D:6      | Learned a level 1 spell: Foxfire
  9544 | D:7      | Reached skill level 1 in Conjurations
  9544 | D:7      | Reached skill level 1 in Fire Magic
  9992 | D:8      | Found a bloodstained altar of Trog.
 10499 | D:8      | Reached skill level 5 in Stealth
 10844 | D:8      | Reached XP level 10. HP: 44/45 MP: 10/15
 11027 | D:9      | Reached ** piety under Vehumet
 11027 | D:9      | Offered knowledge of Kiss of Death by Vehumet.
 11146 | D:9      | Noticed Joseph
 11664 | D:10     | Entered Level 10 of the Dungeon
 11725 | D:10     | Found a shadowy altar of Dithmenos.
 11868 | D:10     | Noticed a two-headed ogre
 12049 | D:9      | Reached skill level 10 in Unarmed Combat
 12182 | D:10     | Noticed a brown ugly thing
 12307 | D:10     | Killed a brown ugly thing
 12308 | D:10     | Reached skill level 8 in Dodging
 12494 | D:10     | Offered knowledge of Stone Arrow by Vehumet.
 12556 | D:10     | Noticed a two-headed ogre
 12600 | D:10     | Reached *** piety under Vehumet
 12648 | D:11     | Learned a level 3 spell: Stone Arrow
 12683 | D:11     | Noticed a two-headed ogre
 12810 | D:11     | Killed a two-headed ogre
 12811 | D:11     | Reached skill level 9 in Dodging
 12993 | D:11     | Reached skill level 10 in Dodging
 13074 | D:11     | Noticed a two-headed ogre
 13300 | D:11     | Learned a level 4 spell: Olgreb's Toxic Radiance
 13329 | D:11     | Killed a two-headed ogre
 13490 | D:11     | Found Qoxiuguz's Magic Scroll Shop.
 13497 | D:11     | Bought a scroll of noise for 12 gold pieces
 13497 | D:11     | Bought a scroll of fog for 48 gold pieces
 13497 | D:11     | Bought a scroll of teleportation for 36 gold pieces
 13497 | D:11     | Bought a scroll of identify for 24 gold pieces
 13497 | D:11     | Bought a scroll of vulnerability for 48 gold pieces
 13784 | D:11     | Identified the +0 pair of gloves of the Garden {Int+6}
 13852 | D:11     | Noticed a manticore
 14153 | D:11     | Noticed a gargoyle
 14246 | D:12     | Noticed Rupert
 14360 | D:10     | Killed a two-headed ogre
 14360 | D:10     | Offered knowledge of Volatile Blastmotes by Vehumet.
 14946 | D:3      | Killed Crazy Yiuf
 15159 | D:3      | Killed Grinder
 15160 | D:3      | Reached XP level 11. HP: 47/49 MP: 6/17
 15442 | D:4      | Killed Shym's ghost
 16260 | D:9      | Killed Joseph
 16441 | D:9      | Reached skill level 11 in Dodging
 16501 | D:9      | Noticed a two-headed ogre
 16601 | D:9      | Found Waufegoe's Assorted Antiques.
 16610 | D:9      | Bought a scroll of identify for 66 gold pieces
 16610 | D:9      | Bought a scroll labelled GIRRIS AWAVICLOE for 33 gold
                  | pieces
 16610 | D:9      | Bought a scroll labelled POPHEU ALLIUM for 33 gold pieces
 16610 | D:9      | Bought a pink potion for 29 gold pieces
 16610 | D:9      | Bought a potion of curing for 99 gold pieces
 16615 | D:9      | Bought a viscous amethyst potion for 29 gold pieces
 16855 | D:9      | Killed a two-headed ogre
 16954 | D:9      | Found a staircase to the Lair.
 17101 | Lair:1   | Entered Level 1 of the Lair of Beasts
 17319 | Lair:1   | Reached skill level 1 in Shapeshifting
 17626 | Lair:1   | Reached **** piety under Vehumet
 17627 | Lair:1   | Reached skill level 5 in Shapeshifting
 17917 | Lair:1   | Offered knowledge of Dazzling Flash by Vehumet.
 18692 | Lair:1   | Reached skill level 10 in Shapeshifting
 18844 | Lair:2   | Gained mutation: Your thick and shaggy fur keeps you warm.
                  | (AC +3, rC+) [Felid growth]
 18844 | Lair:2   | Reached XP level 12. HP: 55/55 MP: 11/19
 18857 | Lair:2   | Reached skill level 12 in Dodging
 19102 | Lair:2   | Found a hole to the Spider Nest.
 19551 | Lair:2   | Reached skill level 13 in Dodging
 19689 | Lair:2   | Found a staircase to the Swamp.
 19700 | Lair:2   | Noticed an eight-headed hydra
 20156 | Lair:2   | Killed an eight-headed hydra
 20156 | Lair:2   | Reached ***** piety under Vehumet
 20156 | Lair:2   | Offered knowledge of Leda's Unmaking by Vehumet.
 20157 | Lair:2   | Reached skill level 14 in Dodging
 21241 | Lair:3   | Noticed an eight-headed hydra
 21261 | Lair:3   | Killed an eight-headed hydra
 21714 | Lair:3   | Reached skill level 10 in Fighting
 22903 | Lair:4   | Noticed Sonja
 22958 | Lair:4   | Killed Sonja
 23041 | Lair:4   | Reached XP level 13. HP: 36/63 MP: 6/20
 23879 | Lair:4   | Offered knowledge of Airstrike by Vehumet.
 24364 | Lair:5   | Entered Level 5 of the Lair of Beasts
 24536 | Lair:5   | HP: 1/76 [seven-headed hydra (5)]
 25193 | Lair:5   | Found a staircase to the Slime Pits.
 26390 | Lair:5   | Reached skill level 5 in Spellcasting
 28356 | D:11     | Reached XP level 14. HP: 69/69 MP: 0/23
 28728 | D:12     | Found a staircase to the Orcish Mines.
 28728 | D:12     | Found Hokuenod's Armour Emporium.
 28876 | D:12     | Reached skill level 15 in Dodging
 29246 | Orc:1    | Entered Level 1 of the Orcish Mines
 29265 | Orc:1    | Noticed an orc warlord
 29545 | D:12     | Killed an orc warlord
 29764 | Orc:2    | Entered Level 2 of the Orcish Mines
 30071 | Orc:2    | Noticed an orc warlord
 30336 | D:11     | Learned a level 2 spell: Poisonous Vapours
 30650 | D:12     | Killed an orc warlord
 30957 | Orc:2    | Found a staircase to the Elven Halls.
 31106 | Orc:2    | Found Viuge's Magic Scroll Boutique.
 31110 | Orc:2    | Bought a scroll of identify for 30 gold pieces
 31110 | Orc:2    | Bought a scroll of identify for 30 gold pieces
 31110 | Orc:2    | Bought a scroll of butterflies for 60 gold pieces
 31110 | Orc:2    | Bought a scroll of teleportation for 45 gold pieces
 31402 | Orc:2    | Found Qach's Book Boutique.
 31417 | Orc:2    | Bought a book of Vapours for 338 gold pieces
 31426 | Orc:2    | Learned a level 5 spell: Freezing Cloud
 31644 | Orc:1    | Found Qadudo Kiar's Book Shop.
 31644 | Orc:1    | Noticed Snorg
 31658 | Orc:1    | Killed Snorg
 31702 | Orc:1    | Reached skill level 1 in Air Magic
 31892 | Orc:1    | Noticed Jorgrun
 32147 | Orc:2    | Found Ymeikam's General Store.
 32212 | Orc:2    | Found Talyc's General Store.
 32383 | Orc:2    | Found Omatupin's Weapon Boutique.
 32700 | Orc:2    | Bought a potion of heal wounds for 75 gold pieces
 32702 | Orc:2    | Bought a scroll of fear for 56 gold pieces
 32749 | Orc:2    | Offered knowledge of Conjure Ball Lightning by Vehumet.
 33237 | Orc:2    | Reached skill level 16 in Dodging
 33625 | Orc:2    | Found Dakleh's Jewellery Boutique.
 33625 | Orc:2    | Found Silatent's Antique Weapon Shop.
 33626 | Orc:2    | Found a one-way gate leading to the halls of Pandemonium.
 33634 | Orc:2    | Bought a granite talisman for 1120 gold pieces
 33846 | Orc:1    | Killed Jorgrun
 34288 | D:12     | Killed Rupert
 34862 | Spider:1 | Entered Level 1 of the Spider Nest
 34930 | Spider:1 | Identified the +1 ring mail of Ashenzari's Pride {rElec
                  | Will- Str-2 Dex+3}
 34990 | Spider:1 | Reached XP level 15. HP: 66/73 MP: 22/25
 35467 | Spider:2 | Noticed Aizul
 35479 | Spider:2 | Killed Aizul
 35491 | Spider:2 | Noticed an emperor scorpion
 35567 | Spider:2 | Killed an emperor scorpion
 36021 | Spider:3 | Noticed an emperor scorpion
 36028 | Spider:3 | Killed an emperor scorpion
 36028 | Spider:3 | Offered knowledge of Starburst by Vehumet.
 36852 | Spider:3 | Reached skill level 15 in Shapeshifting
 37554 | Spider:4 | Entered Level 4 of the Spider Nest
 37554 | Spider:4 | Noticed Arachne
 37772 | Spider:4 | Reached XP level 16. HP: 78/78 MP: 15/26
 37789 | Spider:4 | Killed Arachne
 37967 | Spider:4 | Noticed Louise
 37976 | Spider:4 | Killed Louise
 37976 | Spider:4 | Reached ****** piety under Vehumet
 38262 | Spider:4 | Noticed Mlioglotl
 38293 | Spider:4 | Killed Mlioglotl
 38321 | Spider:4 | Reached skill level 17 in Dodging
 38410 | Spider:4 | Offered knowledge of Ozocubu's Refrigeration by Vehumet.
 38571 | Spider:4 | Got a gossamer rune of Zot
 38912 | Spider:4 | Learned a level 7 spell: Ozocubu's Refrigeration
 39544 | D:13     | Found a gate to the Vaults.
 40183 | D:14     | Reached skill level 15 in Unarmed Combat
 40183 | D:14     | Found Qaplimuv's Armour Emporium.
 40315 | D:14     | Found a gate leading to a gauntlet.
 40334 | Gauntlet | Entered a Gauntlet
 40334 | Gauntlet | Found a transporter.
 40334 | Gauntlet | Found a transporter.
 40340 | Gauntlet | Found a transporter.
 40340 | Gauntlet | Found a transporter.
 40343 | Gauntlet | Found a transporter.
 40373 | Gauntlet | Found a transporter.
 40381 | Gauntlet | Found a transporter.
 40434 | Gauntlet | Found a transporter.
 40435 | Gauntlet | Found a transporter.
 40435 | Gauntlet | Found a transporter.
 40453 | Gauntlet | Found a transporter.
 40469 | Gauntlet | Found a transporter.
 40499 | Gauntlet | Found a transporter.
 40504 | Gauntlet | Found a transporter.
 40720 | Gauntlet | Identified the amulet "Avelodem" {Spirit Regen+}
 40793 | Gauntlet | Learned a level 3 spell: Mephitic Cloud
 40924 | D:14     | Reached skill level 10 in Ice Magic
 41388 | D:14     | Offered knowledge of Eringya's Noxious Bog by Vehumet.
 41538 | D:14     | Found a glowing golden altar of the Shining One.
 41637 | D:15     | Entered Level 15 of the Dungeon
 41759 | D:15     | Reached XP level 17. HP: 83/83 MP: 12/28
 42185 | D:15     | Found a staircase to the Depths.
 42353 | D:15     | Found a runed translucent gate.
 42353 | D:15     | Found a runed translucent gate.
 42353 | D:15     | Found a runed translucent gate.
 42358 | D:15     | Noticed TobyConnect's ghost (journeyman DsSh)
 42358 | D:15     | Identified the +0 ring mail of Cowardice {rElec rF+ Will+}
 42359 | D:15     | Found an iron altar of Okawaru.
 42649 | D:15     | Identified the +0 rapier of Meviujas {venom, *Slow rElec
                  | rN+ Dex+4}
 42685 | D:15     | Learned a level 3 spell: Vhi's Electric Charge
 42785 | D:15     | Killed TobyConnect's ghost
 43015 | Swamp:1  | Entered Level 1 of the Swamp
 43402 | Swamp:1  | Offered knowledge of Lehudib's Crystal Spear by Vehumet.
 43554 | Swamp:2  | Found a snail-covered altar of Cheibriados.
 43700 | Swamp:2  | Identified the +6 plate armour of the Crushed Thickets {rC+
                  | Dex+4 Stlth-}
 43868 | Swamp:2  | Reached skill level 1 in Evocations
 44478 | Swamp:3  | Noticed a tentacled monstrosity
 44486 | Swamp:3  | Killed a tentacled monstrosity
 44726 | Swamp:3  | Identified the +4 hand axe of the Demons {freeze, rF+}
 44772 | Swamp:4  | Entered Level 4 of the Swamp
 44893 | Swamp:4  | Noticed a tentacled monstrosity
 44903 | Swamp:4  | Killed a tentacled monstrosity
 45054 | Swamp:4  | Identified the +1 sling "Orb Guardian's Curse" {drain, rF-
                  | rC- rCorr Int+9}
 45193 | Swamp:4  | Noticed the 27-headed Lernaean hydra
 45199 | Swamp:4  | Killed the 27-headed Lernaean hydra
 45200 | Swamp:4  | Reached XP level 18. HP: 64/88 MP: 1/29
 45206 | Swamp:4  | Reached skill level 5 in Evocations
 45352 | Swamp:4  | Got a decaying rune of Zot
 46039 | Vaults:1 | Entered Level 1 of the Vaults
 46122 | Vaults:1 | Reached skill level 18 in Dodging
 46284 | Vaults:1 | Offered knowledge of Fire Storm by Vehumet.
 46284 | Vaults:1 | Offered knowledge of Polar Vortex by Vehumet.
 46284 | Vaults:1 | Offered knowledge of Maxwell's Capacitive Coupling by
                  | Vehumet.
 46998 | Vaults:1 | Reached skill level 15 in Fighting
 47036 | Vaults:1 | Found Nuog's General Store.
 47043 | Vaults:1 | Bought a potion of haste for 180 gold pieces
 47043 | Vaults:1 | Bought a potion of heal wounds for 90 gold pieces
 47289 | Vaults:1 | Learned a level 9 spell: Polar Vortex
 48099 | Vaults:2 | Reached skill level 19 in Dodging
 48234 | Vaults:2 | Found a staircase to the Crypt.
 48390 | Vaults:2 | Found a portal to a secret trove of treasure.
 48689 | Vaults:3 | Reached XP level 19. HP: 94/94 MP: 33/33
 49212 | Vaults:3 | Gained mutation: Your body sometimes deteriorates upon
                  | taking damage. [a shining eye]
 49216 | Vaults:3 | Lost mutation: Your body sometimes deteriorates upon taking
                  | damage. [potion of mutation]
 49216 | Vaults:3 | Gained mutation: You are strong-willed. (Will+) [potion of
                  | mutation]
 49216 | Vaults:3 | Gained mutation: You are somewhat resistant to further
                  | mutation. [potion of mutation]
 49454 | Vaults:3 | Reached skill level 20 in Dodging
 50878 | Vaults:4 | Reached skill level 21 in Dodging
 50905 | Vaults:4 | Found Fonaot's Book Emporium.
 51405 | Vaults:2 | You paid a toll of 16 scrolls of teleportation to enter a
                  | treasure trove
 51406 | Trove    | Entered a treasure trove
 51441 | Trove    | Got the Codex of Freezing and Superposition
 51448 | Trove    | Identified the +0 robe of Ziodeil {rCorr Dex+2}
 51450 | Trove    | Identified the ring of Higol {rElec rF- AC+4 Dex+2}
 51495 | Trove    | Identified the ring "Opucrouff" {Int+2 Dex+6}
 51811 | Elf:1    | Entered Level 1 of the Elven Halls
 51824 | Elf:1    | Reached XP level 20. HP: 100/100 MP: 27/34
 51941 | Elf:1    | Identified a scroll of acquirement
 51942 | Elf:1    | Acquired the ring of Hontur {rPois rC+ Will+ Dex+6}
 53313 | Elf:2    | Reached skill level 22 in Dodging
 53536 | Elf:3    | Entered Level 3 of the Elven Halls
 53939 | Elf:3    | Found Kezoac's Magic Scroll Shoppe.
 53962 | Elf:3    | Bought a scroll of blinking for 127 gold pieces
 53962 | Elf:3    | Bought a scroll of acquirement for 884 gold pieces
 54196 | Elf:2    | Found a runed translucent gate.
 54205 | Elf:2    | Found a runed translucent gate.
 54205 | Elf:2    | Found a runed translucent gate.
 54889 | Elf:3    | Identified the +4 scimitar "Kerapirch" {vamp, Int+6}
 54961 | Elf:3    | Identified the +3 war axe of Disembowelment {flame, rF+}
 55046 | Elf:3    | Got the Lectures on the Dragon
 55093 | Elf:3    | Identified the +2 great sword "Cunn" {freeze, Contam rElec
                  | Stlth+}
 55100 | Elf:3    | Found the +7 Spriggan's Knife {stab, EV+4 Stlth+}
 55114 | Elf:3    | Identified the +0 scale mail of Good Intentions {rF+ Str+7}
 55122 | Elf:3    | Identified the +6 scimitar of Sharkskin {chaos, rElec rN+
                  | Str+3 Int-2}
 55130 | Elf:3    | Identified the +4 helmet "Loxaduf" {rN+}
 55138 | Elf:3    | Got the Folio of the Deathly Cumulonimbus
 55140 | Elf:3    | Identified the +1 shortbow of Iwky {antimagic, Drain rN+
                  | Str+3 SInv}
 55532 | Depths:1 | Entered Level 1 of the Depths
 55574 | Depths:1 | Reached XP level 21. HP: 106/106 MP: 35/35
 55580 | Depths:1 | Found a one-way gate to the infinite horrors of the Abyss.
 55581 | Depths:1 | Found Villengoi's One-of-a-Kind Books.
 55886 | Depths:1 | Noticed a juggernaut
 56101 | Depths:1 | Noticed a golden dragon
 56252 | Depths:1 | Learned a level 5 spell: Metabolic Englaciation
 56284 | Depths:1 | Killed a golden dragon
 56295 | Depths:1 | Reached skill level 1 in Hexes
 56353 | Depths:1 | Reached skill level 23 in Dodging
 56405 | Depths:1 | Found a gateway to Hell.
 56506 | Depths:1 | Identified the +0 leather armour of Boredom {rN+ Str+2}
 56526 | Depths:1 | Killed a juggernaut
 56613 | Depths:1 | Got the Monograph on the Luminous Jaunt
 56784 | Depths:1 | Acquired 489 gold pieces
 57444 | Depths:2 | Paralysed by you for 3 turns
 57470 | Depths:2 | Paralysed by you for 5 turns
 57489 | Depths:2 | Paralysed by you for 3 turns
 57693 | Depths:2 | Found Ipoed's Distillery.
 57706 | Depths:2 | Bought a potion of might for 56 gold pieces
 57706 | Depths:2 | Bought a potion of invisibility for 112 gold pieces
 57706 | Depths:2 | Bought a potion of brilliance for 56 gold pieces
 57706 | Depths:2 | Bought a potion of brilliance for 56 gold pieces
 57706 | Depths:2 | Bought a potion of cancellation for 112 gold pieces
 57706 | Depths:2 | Bought a potion of curing for 42 gold pieces
 58225 | Depths:3 | You fall into a shaft and drop 1 floor!
 58225 | Depths:4 | Entered Level 4 of the Depths
 58345 | Depths:4 | Reached skill level 10 in Spellcasting
 58352 | Depths:3 | Noticed Jory
 58681 | Depths:3 | Reached XP level 22. HP: 110/112 MP: 37/37
 58819 | Depths:3 | Killed Jory
 59063 | Depths:3 | Reached skill level 10 in Stealth
 59171 | Depths:3 | Found a one-way gateway to a ziggurat.
 59241 | Depths:3 | Noticed Parghit
 59250 | Depths:3 | Noticed a juggernaut
 59529 | Depths:3 | Killed a juggernaut
 59673 | Depths:3 | Identified the +7 quarterstaff of Ogu Pan {venom, Fly
                  | Dex+4}
 59681 | Depths:3 | HP: 6/145 [sphinx/divine providence (13)]
 59799 | Depths:3 | Noticed a golden dragon
 59812 | Depths:3 | Killed a golden dragon
 60099 | Depths:3 | Reached skill level 24 in Dodging
 60282 | Depths:4 | Noticed a golden dragon
 60288 | Depths:4 | Noticed a golden dragon
 60292 | Depths:4 | Killed a golden dragon
 60311 | Depths:4 | Killed a golden dragon
 60399 | Depths:4 | Found a gate to the Realm of Zot.
 60793 | Depths:4 | Reached skill level 15 in Ice Magic
 61414 | Vaults:5 | Entered Level 5 of the Vaults
 61451 | Vaults:5 | Noticed a dread lich
 61458 | Vaults:5 | Identified the +5 great sword "Zuug" {protect, Dex+2}
 61472 | Vaults:5 | Killed a dread lich
 61858 | Vaults:5 | Noticed a caustic shrike
 61859 | Vaults:5 | a caustic shrike changed into an iron dragon
 61863 | Vaults:5 | an iron dragon changed into a caustic shrike
 61863 | Vaults:5 | Noticed a caustic shrike (glowing shapeshifter)
 61864 | Vaults:5 | a caustic shrike changed into a golden dragon
 61864 | Vaults:5 | Noticed a golden dragon (glowing shapeshifter)
 61868 | Vaults:5 | Reached XP level 23. HP: 116/116 MP: 5/39
 62375 | Vaults:5 | Identified the +3 ring mail "Nothos" {*Slow rElec Will-
                  | Str+5}
 62580 | Vaults:5 | Found Taizoo's Antique Weapon Shoppe.
 62644 | Vaults:5 | Noticed Xtahua
 62655 | Vaults:5 | Killed Xtahua
 62735 | Vaults:5 | Got the Volume of the Commander and Obstruction
 62778 | Vaults:5 | Noticed Mara
 62785 | Vaults:5 | Killed Mara
 63153 | Vaults:5 | Got a silver rune of Zot
 63640 | Elf:3    | Bought a scroll of fear for 68 gold pieces
 64040 | Zot:1    | Entered Level 1 of the Realm of Zot
 64421 | Zot:1    | Noticed an orb of fire
 64424 | Zot:1    | Gained mutation: Your magical capacity is low. (-10% MP)
                  | [an orb of fire]
 64428 | Zot:1    | Lost mutation: You are somewhat resistant to further
                  | mutation. [an orb of fire]
 64430 | Zot:1    | Gained mutation: You are resistant to electric shocks.
                  | (rElec) [an orb of fire]
 64434 | Zot:1    | Gained mutation: You occasionally shout uncontrollably at
                  | your foes. [an orb of fire]
 64443 | Zot:1    | Gained mutation: Your body sometimes deteriorates upon
                  | taking damage. [an orb of fire]
 64446 | Zot:1    | Killed an orb of fire
 64536 | Zot:1    | Identified the +10 halberd "Lorokhluf" {flame, rN+}
 64828 | Zot:2    | Noticed a dread lich
 64829 | Zot:2    | Killed a dread lich
 64838 | Zot:2    | Annihilated by a black draconian
 64839 | Zot:2    | Reached XP level 22. HP: -24/145 MP: 34/34
 65560 | Zot:3    | Identified the orb "Elog Pea" {guile, Harm Dex+3 Stlth+}
 65677 | Zot:3    | Reached XP level 23. HP: 52/116 MP: 29/35
 66156 | Zot:4    | Noticed an orb of fire
 66171 | Zot:4    | Gained mutation: Potions are less effective at restoring
                  | your health. [an orb of fire]
 66171 | Zot:4    | Gained mutation: You occasionally lose the ability to read
                  | scrolls when taking damage. [an orb of fire]
 66178 | Zot:4    | Killed an orb of fire
 66658 | Zot:4    | Noticed a Killer Klown
 66669 | Zot:4    | Killed a Killer Klown
 67073 | Zot:5    | Entered Level 5 of the Realm of Zot
 67456 | Zot:5    | Lost mutation: Your body sometimes deteriorates upon taking
                  | damage. [potion of mutation]
 67456 | Zot:5    | Lost mutation: You occasionally shout uncontrollably at
                  | your foes. [potion of mutation]
 67456 | Zot:5    | Lost mutation: You occasionally lose the ability to read
                  | scrolls when taking damage. [potion of mutation]
 67456 | Zot:5    | Gained mutation: Your flesh is cold resistant. (rC+)
                  | [potion of mutation]
 67456 | Zot:5    | Gained mutation: You expend magic power (3 MP) to
                  | strengthen your wands. [potion of mutation]
 67456 | Zot:5    | Lost mutation: Your flesh is cold resistant. (rC+) [potion
                  | of mutation]
 67647 | Zot:5    | Noticed a dread lich
 67668 | Zot:5    | Killed a dread lich
 67814 | Zot:5    | Noticed an orb of fire
 67815 | Zot:5    | Noticed a dread lich
 67825 | Zot:5    | Gained mutation: You are weak. (Str -2) [an orb of fire]
 67827 | Zot:5    | Gained mutation: You are vulnerable to cold. (rC-) [an orb
                  | of fire]
 67828 | Zot:5    | Killed an orb of fire
 67829 | Zot:5    | Killed a dread lich
 67838 | Zot:5    | Lost mutation: You are weak. (Str -2) [potion of mutation]
 67838 | Zot:5    | Lost mutation: You are strong-willed. (Will+) [potion of
                  | mutation]
 67838 | Zot:5    | Lost mutation: You expend magic power (3 MP) to strengthen
                  | your wands. [potion of mutation]
 67838 | Zot:5    | Gained mutation: You are weak. (Str -2) [potion of
                  | mutation]
 67838 | Zot:5    | Gained mutation: You expend magic power (3 MP) to
                  | strengthen your wands. [potion of mutation]
 67838 | Zot:5    | Lost mutation: You are weak. (Str -2) [potion of mutation]
 67921 | Zot:5    | Noticed an orb of fire
 67927 | Zot:5    | Gained mutation: You are clumsy. (Dex -2) [an orb of fire]
 67929 | Zot:5    | Noticed a Killer Klown
 67931 | Zot:5    | Gained mutation: You sometimes lose your temper in combat.
                  | [an orb of fire]
 67932 | Zot:5    | Killed an orb of fire
 67936 | Zot:5    | Killed a Killer Klown
 67972 | Zot:5    | Noticed an orb of fire
 67975 | Zot:5    | Gained mutation: You have an uncontrollable temper. [an orb
                  | of fire]
 67986 | Zot:5    | Gained mutation: You have hidden genetic defects. [an orb
                  | of fire]
 67988 | Zot:5    | Reached XP level 24. HP: 121/121 MP: 15/35
 67990 | Zot:5    | Killed an orb of fire
 68003 | Zot:5    | Noticed an ancient lich
 68019 | Zot:5    | Killed an ancient lich
 68033 | Zot:5    | Lost mutation: Your magical capacity is low. (-10% MP)
                  | [potion of mutation]
 68033 | Zot:5    | Lost mutation: You have hidden genetic defects. [potion of
                  | mutation]
 68033 | Zot:5    | Gained mutation: A frigid envelope surrounds you and
                  | freezes all who hurt you. [potion of mutation]
 68033 | Zot:5    | Gained mutation: You have a pair of small horns on your
                  | head. [potion of mutation]
 68067 | Zot:5    | Noticed a Killer Klown
 68079 | Zot:5    | Killed a Killer Klown
 68083 | Zot:5    | Noticed an orb of fire
 68122 | Zot:5    | Gained mutation: You are weak. (Str -2) [an orb of fire]
 68123 | Zot:5    | Gained mutation: You occasionally lose the ability to drink
                  | potions when taking damage. [an orb of fire]
 68127 | Zot:5    | Killed an orb of fire
 68142 | Zot:5    | Noticed a Killer Klown
 68153 | Zot:5    | Killed a Killer Klown
 68320 | Zot:5    | Noticed an orb of fire
 68321 | Zot:5    | Gained mutation: You are frail. (-10% HP) [an orb of fire]
 68327 | Zot:5    | Noticed an ancient lich
 68328 | Zot:5    | Killed an orb of fire
 68343 | Zot:5    | Noticed an orb of fire
 68348 | Zot:5    | Killed an ancient lich
 68351 | Zot:5    | Noticed a Killer Klown
 68353 | Zot:5    | Lost mutation: You have an uncontrollable temper. [an orb
                  | of fire]
 68354 | Zot:5    | Gained mutation: You are very frail. (-20% HP) [an orb of
                  | fire]
 68358 | Zot:5    | Killed an orb of fire
 68363 | Zot:5    | Killed a Killer Klown
 68419 | Zot:5    | Reached skill level 25 in Dodging
 68499 | Zot:5    | Noticed a dread lich
 68640 | Zot:5    | Killed a dread lich
 68662 | Zot:5    | Lost mutation: You are very frail. (-20% HP) [potion of
                  | mutation]
 68662 | Zot:5    | Lost mutation: You occasionally lose the ability to drink
                  | potions when taking damage. [potion of mutation]
 68662 | Zot:5    | Lost mutation: You are weak. (Str -2) [potion of mutation]
 68662 | Zot:5    | Gained mutation: You are weak. (Str -2) [potion of
                  | mutation]
 68662 | Zot:5    | Gained mutation: Your mind is acute. (Int +4, Str/Dex -1)
                  | [potion of mutation]
 68663 | Zot:5    | Lost mutation: You are weak. (Str -2) [potion of mutation]
 68663 | Zot:5    | Lost mutation: You have a pair of small horns on your head.
                  | [potion of mutation]
 68663 | Zot:5    | Lost mutation: A frigid envelope surrounds you and freezes
                  | all who hurt you. [potion of mutation]
 68663 | Zot:5    | Gained mutation: You are strong-willed. (Will+) [potion of
                  | mutation]
 68733 | Zot:5    | Got the Orb of Zot
 69137 | D:15     | Noticed Odacvod the pandemonium lord
 69519 | D:$      | Escaped with the Orb!

Illustrated notes

Levels and vault maps discovered:
D:1:      shiori_shiawase, layout_basic, basic_ecumenical_altar,
          hex_intersection
D:2:      layout_basic, serial_shops, nicolae_shop_stone
D:3:      layout_rooms, nicolae_wu_jian_immortal_techniques,
          nemelex_diamond_rough_becter,
          mainiacjoe_overflow_concentric_impassable, grunt_ministairs_4,
          uniq_robin, uniq_crazy_yiuf_cottage, uniq_grinder
D:4:      layout_loops_ring, nicolae_yredelemnul_corpse_copse, zin_statuary,
          nicolae_gozag_cash_rules_everything_around_me,
          gammafunk_ghost_gnarly_gnolls, minmay_misc_feat_plants
D:5:      layout_basic, nicolae_ru_awakened_eye, lemuel_tele_altar,
          lemuel_temple_firewalk_b, nicolae_ossuary_entry_catacombs,
          wad_woods_river_04
D:6:      layout_basic, mainiacjoe_overflow_chevrons, fedhas_altar_3,
          amcnicky_altar_gilded, uniq_maggie
D:7:      layout_basic
D:8:      layout_cave_pods, lemuel_coloured_pillars_altar,
          kennysheep_generic_room_13
D:9:      layout_basic, lair_entry_dummy, serial_co_window_serial,
          co_window_corner_a, co_window_corner_a, co_window_paths_b,
          co_window_paths_a, co_window_paths_b, co_window_paths_a,
          co_window_corner_a, co_window_broadway_c, co_window_2corner,
          co_window_of_opportunity_b, co_window_cross_3, serial_shops, shop,
          uniq_joseph
D:10:     layout_roguey [special_room_orc], nicolae_overflow_hidden_temple,
          kennysheep_generic_room_11
D:11:     layout_basic, serial_shops, shop
D:12:     layout_roguey, orc_david_3, uniq_rupert
D:13:     layout_irregular_city, david_vaults_1, hangedman_corner_corridor
D:14:     layout_basic, gauntlet_entry_generic, serial_shops, shop,
          grunt_decor_resistance, tso_altar
D:15:     hangedman_depths_entry_try_elsewhere_first, layout_loops_ring,
          gammafunk_ghost_fury_of_okawaru, special_room [special_room_bee]
Temple:   kb_temple_of_zot
Lair:1:   layout_cave_pods, hangedman_lair_unloving_vines,
          chequers_serial_rivers_micro_a, grunt_megastairs_1
Lair:2:   layout_gridlike, minmay_swamp_entry_reptiles,
          hellmonk_spider_entry_not_the_bees, infiniplex_staircase_pool_2,
          grunt_megastairs_4
Lair:3:   layout_hall_layers
Lair:4:   layout_regular_city, patterned_corridor, uniq_sonja
Lair:5:   hangedman_lair_tendril_chambers, layout_misc_corridors,
          nicolae_slime_entry_slimehenge, minmay_lindwurm_lava
Swamp:1:  layout_falls_marsh, evilmike_swamp_ruin_house_2, swamp_pool1,
          nicolae_swamp_spriggan_camp, infiniplex_staircase_pool
Swamp:2:  layout_falls_marsh, lemuel_altar_in_water, st_swamp_ruins_3
Swamp:3:  layout_falls_marsh, hangedman_swamp_ruin_wall, swamp_pool1
Swamp:4:  swamp_old_school, layout_basic_swamp, swamp_pool3
Spider:1: layout_spider_delve
Spider:2: layout_spider_delve, uniq_aizul
Spider:3: layout_cave_pods, nicolae_spider_orb_run, nicolae_spider_cling_halls
Spider:4: guppyfry_spider_rune, uniq_mlioglotl, uniq_louise, uniq_arachne
Orc:1:    layout_caves, serial_shops, nicolae_shop_gibbet_a_chance,
          uniq_jorgrun, uniq_snorg
Orc:2:    pf_orc_diabolical, layout_diamond_mine, basic_altar, serial_shops,
          nicolae_shop_peninsula, nicolae_lakefront_shop, nicolae_shop_rolled_up
Elf:1:    layout_loops_cross, minivault_28, nicolae_elf_m_pinch, pf_eden
Elf:2:    nicolae_elf_blades_splatter_lattice [nicolae_blade_tridents],
          layout_gridlike, special_room [special_room_mythical_zoo]
Elf:3:    elf_hall_gauntlet_wide, layout_geoelf_castle, serial_shops,
          nicolae_shop_trees
Vaults:1: nicolae_vaults_meiosis, nicolae_vaults_lopsided_apartments, v_misc_33,
          nicolae_vaults_stairing_the_circle, vaults_dpeg_encased_lava,
          hangedman_vaults_locks, nicolae_vaults_door_testing_chamber,
          nicolae_vaults_mitosis, nicolae_vaults_diagonal_hallway_8,
          vaults_room_pools, nicolae_vaults_double_plus_1,
          nicolae_vaults_gold_heap, layout_vaults_omnibox, serial_shops,
          nicolae_shop_crystal
Vaults:2: nicolae_vaults_turnstiles, minmay_crypt_entry_simple_walls,
          hangedman_vaults_stretched_pinwheel, nicolae_vaults_little_ls,
          nicolae_vaults_house_3, layout_vaults_big_room, enter_trove_1
Vaults:3: hangedman_vaults_pinch, grunt_vaults_funnel,
          nicolae_vaults_more_shelving_2, nicolae_vaults_tetromino_L_1,
          v_misc_15, nicolae_vaults_murder_corner,
          nicolae_vaults_doubleplus_tesselated, ontoclasm_vaults_chip,
          nicolae_vaults_double_plus_1, layout_vaults_quadrants
Vaults:4: nicolae_vaults_little_squares_6, v_misc_16, v_misc_22, v_rooms_6,
          v_misc_17, nicolae_vaults_big_ls, nicolae_vaults_closet_pinwheel_3,
          vaults_mumra_hexcomb, nicolae_vaults_diamond_1,
          nicolae_vaults_weapon_check, layout_vaults_ring, serial_shops, shop
Vaults:5: uniq_margery, uniq_xtahua, uniq_mara
Depths:1: minmay_complete_graph, layout_honeycomb, grunt_pan_entry_spiral,
          abyss_entry, hangedman_tar_grid_catacomb, nicolae_rare_books,
          nicolae_figureground_sparkle
Depths:2: gammafunk_mikee_crab_dinner, layout_cave_pools,
          minmay_large_rounded_square, serial_shops, shop, pan_entry,
          grunt_hell_entry_dis_grunt, nicolae_elevator_lobby_plus
Depths:3: minmay_fractal_lines_corner, layout_basic, enter_ziggurat_e,
          hangedman_abyss_entry_splay, kennysheep_donut,
          grunt_pan_entry_in_and_out, hell_entry, hex_subvault_four_corners,
          uniq_jory, uniq_parghit
Depths:4: grunt_zot_entry_funnels, layout_gridlike, rand_demon_pan_entry_4,
          hell_entry
Zot:1:    kennysheep_bubbly, layout_misc_corridors
Zot:2:    hellmonk_crystal_mountain, layout_onion_interference
Zot:3:    layout_basic, zot_minivault_1, lemuel_elevator
Zot:4:    layout_gridlike, zot_minivault_4
Zot:5:    layout_misc_corridors

Skill      XL: |  1  2  3  4  5  6  7  8  9 10 11 12 13 14 15 16 17 18 19 20 21 22 23 24 |
---------------+-------------------------------------------------------------------------+-----
Dodging        | 3 5 7 10 11 14 16 17 19 21 22 23 24 25 | 25.0
Ice Magic      | 4 5 6 8 10 13 20 23 24 | 24.2
Stealth        | 3 5 6 9 10 | 10.0
Fighting       | 1 4 6 8 11 12 13 14 15 17 18 19 20 | 20.0
Spellcasting   | 3 4 5 6 7 9 10 11 | 11.0
Unarmed Combat | 1 4 6 9 10 12 13 15 16 18 19 20 | 20.6
Poison Magic   | 1 2 |  2.0
Summonings     | 1 |  1.1
Conjurations   | 2 3 4 |  4.2
Fire Magic     | 2 |  2.0
Shapeshifting  | 10 11 15 | 15.0
Air Magic      | 3 |  3.0
Evocations     | 4 5 7 8 |  8.0
Hexes          | 2 3 |  3.0

Action                     |  1- 3 |  4- 6 |  7- 9 | 10-12 | 13-15 | 16-18 | 19-21 | 22-24 || total
---------------------------+-------+-------+-------+-------+-------+-------+-------+-------++-------
  Melee: Unarmed           |    22 |   174 |   302 |   426 |   621 |   642 |   969 |  1170 ||  4326
         Bite              |     2 |    22 |    41 |    52 |    60 |    82 |   178 |   224 ||   661
         Punch             |       |     2 |    16 |    28 |    54 |    78 |   162 |   234 ||   574
         Constrict         |       |       |       |    41 |    25 |       |       |       ||    66
         Maw               |       |       |       |       |    58 |       |       |       ||    58
         Headbutt          |       |       |       |       |       |       |       |    36 ||    36
   Cast: Freeze            |    42 |    49 |    13 |    34 |    15 |     3 |       |       ||   156
         Frozen Ramparts   |     3 |    28 |    44 |    51 |    63 |     8 |     1 |       ||   198
         Ozocubu's Armour  |       |    10 |    45 |    54 |    73 |       |       |       ||   182
         Stone Arrow       |       |       |       |    59 |    81 |     2 |       |       ||   142
         Olgreb's Toxic Ra |       |       |       |    62 |   170 |    69 |    21 |    15 ||   337
         Foxfire           |       |       |       |     7 |     1 |     1 |       |       ||     9
         Poisonous Vapours |       |       |       |       |    54 |     9 |       |       ||    63
         Freezing Cloud    |       |       |       |       |    54 |    91 |    66 |    58 ||   269
         Ozocubu's Refrige |       |       |       |       |       |    95 |   120 |   205 ||   420
         Mephitic Cloud    |       |       |       |       |       |     1 |     2 |     4 ||     7
         Vhi's Electric Ch |       |       |       |       |       |     6 |    10 |     7 ||    23
         Metabolic Englaci |       |       |       |       |       |       |     3 |    11 ||    14
         Polar Vortex      |       |       |       |       |       |       |       |    56 ||    56
  Evoke: Wand              |       |       |       |    25 |    26 |     7 |     3 |     6 ||    67
         Phial of floods   |       |       |       |       |     1 |       |       |       ||     1
         Phantom mirror    |       |       |       |       |       |     1 |     1 |     5 ||     7
         Lightning rod     |       |       |       |       |       |       |     3 |     8 ||    11
    Use: Scroll            |       |     4 |     4 |    11 |    16 |     7 |     9 |    22 ||    73
         Potion            |       |       |     1 |     1 |     6 |     2 |     1 |    27 ||    38
   Stab: Sleeping          |     5 |     7 |    13 |     5 |     5 |     5 |    10 |    14 ||    64
         Invisible         |       |       |     3 |       |       |       |       |     1 ||     4
         Distracted        |       |       |       |     1 |       |     3 |     3 |     4 ||    11
         Petrified         |       |       |       |       |     2 |       |       |     3 ||     5
         Confused          |       |       |       |       |       |       |       |     1 ||     1
 Armour: Skin              |     2 |    28 |    42 |    55 |   185 |   278 |   228 |   438 ||  1256
  Dodge: Dodged            |    38 |   125 |   244 |   334 |  1211 |  1534 |  1758 |  2917 ||  8161
   Form: Anaconda          |       |       |       |     2 |     1 |       |       |       ||     3
                           |       |       |       |     1 |     2 |       |       |       ||     3
         Maw               |       |       |       |       |     2 |       |       |       ||     2
         Statue            |       |       |       |       |     1 |       |       |       ||     1

Table legend: (Time is in decaauts)
 A = Elapsed time spent in this place.
 B = Non-inter-level travel time spent in this place.
 C = Inter-level travel time spent in this place.
 D = Time resting spent in this place.
 E = Time spent auto-exploring this place.
 F = Levels seen in this place.
 G = Mean time per level.
                   A        B        C        D        E       F      G
               +--------+--------+--------+--------+--------+-----+--------+
         Total |  82639 |  73985 |   8654 |   8011 |  43867 |  51 | 1620.4 |
       Dungeon |  23164 |  19710 |   3454 |   2092 |  11570 |  15 | 1544.3 |
        Temple |     97 |     52 |     45 |      0 |      0 |   1 |   97.0 |
          Lair |  10773 |   9913 |    860 |   2239 |   5068 |   5 | 2154.6 |
         Swamp |   4389 |   4088 |    301 |     88 |   3242 |   4 | 1097.2 |
   Spider Nest |   6164 |   5724 |    440 |    370 |   4159 |   4 | 1541.0 |
  Orcish Mines |   4155 |   3634 |    521 |    774 |   1812 |   2 | 2077.5 |
   Elven Halls |   5648 |   4665 |    983 |    409 |   3075 |   3 | 1882.7 |
        Vaults |  10937 |   9935 |   1002 |    406 |   6414 |   5 | 2187.4 |
        Depths |   8236 |   7732 |    504 |    366 |   5226 |   4 | 2059.0 |
           Zot |   7282 |   6740 |    542 |    985 |   3112 |   5 | 1456.4 |
         Trove |    380 |    380 |      0 |      0 |    180 |   1 |  380.0 |
       Ossuary |    670 |    670 |      0 |    264 |      0 |   1 |  670.0 |
      Gauntlet |    739 |    739 |      0 |     13 |      4 |   1 |  739.0 |
               +--------+--------+--------+--------+--------+-----+--------+

Top non-repeatable levels by time:
   Orc:2: 3104 daAuts
  Lair:5: 2617 daAuts
Vaults:5: 2578 daAuts
Spider:3: 2484 daAuts
   Elf:3: 2472 daAuts
Depths:3: 2471 daAuts
   Zot:5: 2440 daAuts
Vaults:1: 2434 daAuts
Vaults:3: 2417 daAuts
Depths:1: 2291 daAuts
  Lair:2: 2215 daAuts
    D:11: 2212 daAuts
  Lair:4: 2175 daAuts
  Lair:1: 2148 daAuts
Spider:4: 1995 daAuts
